 Dungeon Crawl Stone Soup version 0.29-a0-409-gd843f3a48c (webtiles) character file.

Game seed: 3544570050014328764

6 deadleaves the Caller (level 1, 0/10 HPs)
             Began as a Deep Elf Summoner on May 13, 2022.
             Frozen to death by an endoplasm (5 damage)
             ... on level 1 of the Dungeon.
             The game lasted 00:02:01 (677 turns).

deadleaves the Caller (Deep Elf Summoner)            Turns: 677, Time: 00:02:02

Health: 0/10       AC:  3    Str:  5    XL:     1   Next: 75%
Magic:  5/6        EV: 13    Int: 19    God:
Gold:   8          SH:  0    Dex: 15    Spells: 5/6 levels left

rFire   . . .      SeeInvis .   c - staff of earth
rCold   . . .      Faith    .   (no shield)
rNeg    . . .      Spirit   .   a - +0 robe
rPois   .          Reflect  .   h - +0 helmet
rElec   .          Harm     .   (no cloak)
rCorr   .          Rampage  .   (no gloves)
Will    .....                   (no boots)
Stlth   ++........              (no amulet)
HPRegen 0.03/turn               (no ring)
MPRegen 0.10/turn               (no ring)

@: no status effects
A: no striking features
a: no special abilities


You were on level 1 of the Dungeon.
You visited 1 branch of the dungeon, and saw 1 of its levels.

You collected 8 gold pieces.

Inventory:

Armour
 a - a +0 robe (worn)
 h - a +0 helmet (worn)
Magical Staves
 c - a staff of earth (weapon)
 j - a staff of fire
Scrolls
 d - a scroll of immolation {unknown}
 e - a scroll of identify {unknown}
 f - a scroll of magic mapping {unknown}
 i - a scroll of blinking {unknown}
Potions
 b - 2 potions of magic
 g - a potion of heal wounds {unknown}


   Skills:
 + Level 2.7 Dodging
 - Level 2.4 Stealth
 + Level 3.2 Spellcasting
 + Level 4.5 Summonings


You had 5 spell levels left.
You knew the following spells:

 Your Spells              Type           Power      Damage    Failure   Level
a - Summon Small Mammal   Summ           80%        N/A       2%          1

Your spell library contained the following spells:

 Spells                   Type           Power      Damage    Failure   Level
 Call Imp                 Summ           20%        N/A       3%          2
 Call Canine Familiar     Summ           20%        N/A       7%          3
 Summon Guardian Golem    Hex/Summ       11%        N/A       19%         3
 Summon Lightning Spire   Summ/Air       11%        N/A       52%         4


Dungeon Overview and Level Annotations

Branches:
Dungeon (1/15)

Altars:


Message History

You are too injured to fight recklessly!
You barely miss the goblin.
The goblin is severely wounded.
The goblin barely misses you.
You barely miss the goblin.
The goblin is severely wounded.
The goblin barely misses you.
You completely miss the goblin.
The goblin is severely wounded.
The goblin misses you. The goblin hits you but does no damage.
You hit the goblin.
You kill the goblin!
Things that are here:
a +0 club; a goblin corpse You start resting.
HP restored.
An endoplasm comes into view.
Casting: Summon Small Mammal (safe; 2% risk of failure)
Confirm with . or Enter, or press ? or * to list all spells.
A hobgoblin comes into view.
The hobgoblin shouts!
You hear an angry hiss.
Your bat hits the endoplasm but does no damage.
Found a scroll labelled ANIOMN VAYPAWO.
The endoplasm freezes you.
You are frozen.
You see here 12 gold pieces.
You barely miss the endoplasm.
Your bat barely misses the endoplasm.
The endoplasm closely misses you.
The hobgoblin hits you but does no damage.
You hit the hobgoblin.
The hobgoblin is moderately wounded.
Your bat hits the endoplasm. The endoplasm barely misses you.
The hobgoblin hits you.
Your bat hits the endoplasm. You hit the hobgoblin but do no damage.
The hobgoblin is moderately wounded.
Your bat hits the endoplasm but does no damage.
The endoplasm freezes you.
You are frozen.
Ouch! That really hurt!
You die...

.......#......###.....#..#
#§§.#..#.###..###.....#...#
§...§.##.....##.......# ...
##'#########..#.##..#...
#8.8## #..##...# ..###.
##'## #..≈.#..###...##.
#...####.≈≈.#....#.#....
.....#≈#.≈≈.#..b.J...#
.><..'.#≈.≈≈#...@g...#
.....#≈#.≈≈.#......#.#
#.).####.≈≈.#.....## .
##'## #..≈.#...... #...#
##..##....... ######
####.....#... ......#
.........#. ...#...#
.........?... #.#....#


You could see an endoplasm (ally target), a hobgoblin and a friendly bat
(summoned).

Vanquished Creatures
  An endoplasm (D:1)
  A goblin (D:1)
  A ball python (D:1)
  A frilled lizard (D:1)
  3 rats (D:1)
7 creatures vanquished.

Notes
Turn   | Place    | Note
-------+----------+-------------------------------------------
     0 | D:1      | deadleaves the Deep Elf Summoner began the quest for the
                  | Orb.
     0 | D:1      | Reached XP level 1. HP: 10/10 MP: 6/6
   677 | D:1      | Frozen to death by an endoplasm

Illustrated notes

Levels and vault maps discovered:
D:1:      shiori_arrival_elements, layout_rooms, minmay_door_square,
          serial_bayou_lagoon_b

Action                   || total
-------------------------++-------
Melee: Staff             ||    32
       Punch             ||     1
 Cast: Summon Small Mamm ||     3
Armor: Robe              ||     9
Dodge: Dodged            ||    22

Table legend: (Time is in decaauts)
 A = Elapsed time spent in this place.
 B = Non-inter-level travel time spent in this place.
 C = Inter-level travel time spent in this place.
 D = Time resting spent in this place.
 E = Time spent auto-exploring this place.
 F = Levels seen in this place.
 G = Mean time per level.
                   A        B        C        D        E       F      G
               +--------+--------+--------+--------+--------+-----+--------+
         Total |    682 |    682 |      0 |    469 |    107 |   1 |  682.0 |
       Dungeon |    682 |    682 |      0 |    469 |    107 |   1 |  682.0 |
               +--------+--------+--------+--------+--------+-----+--------+

Top non-repeatable levels by time:
     D:1: 682 daAuts
